 Dungeon Crawl Stone Soup version 0.24-a0-497-g5a03d68f59 (webtiles) character file.

Game seed: 9945642713128231369

214 Arthanis the Firebug (level 5, -2/28 HPs)
             Began as a Deep Elf Fire Elementalist on July 13, 2019.
             Slain by an ogre
             ... wielding a cursed -1 giant club
              (7 damage)
             ... on level 4 of the Dungeon.
             The game lasted 00:07:22 (2165 turns).

Arthanis the Firebug (Deep Elf Fire Elementalist)   Turns: 2165, Time: 00:07:22

Health: -2/28      AC:  1    Str:  5    XL:     5   Next: 60%
Magic:  13/13      EV: 13    Int: 21    God:
Gold:   142        SH:  0    Dex: 15    Spells: 4/12 levels left

rFire    . . .     SeeInvis .   i - +1 dagger (venom)
rCold    . . .     Gourm    .   (no shield)
rNeg     . . .     Faith    .   a - +0 robe
rPois    .         Spirit   .   (no helmet)
rElec    .         Reflect  .   o - +0 cloak
rCorr    .         Harm     .   (no gloves)
MR       .....                  (no boots)
Stlth    ++........             (no amulet)
HPRegen  0.09/turn              q - -2 ring of protection (curse)
MPRegen  0.13/turn              (no ring)

@: about to teleport
A: no striking features
a: no special abilities


You were on level 4 of the Dungeon.
You were not hungry.

You visited 1 branch of the dungeon, and saw 4 of its levels.

You collected 142 gold pieces.

Inventory:

Hand Weapons
 f - a +0 whip
 i - a +1 dagger of venom (weapon)
 k - a +0 spear
Missiles
 l - a throwing net (quivered)
Armour
 a - a +0 robe (worn)
 o - a +0 cloak (worn)
Jewellery
 q - a cursed -2 ring of protection (left hand)
Wands
 j - a wand of paralysis (3)
Scrolls
 b - 3 scrolls of random uselessness {unknown}
 e - a scroll of remove curse {unknown}
 g - 3 scrolls of identify {unknown}
 m - 2 scrolls of teleportation
 p - 2 scrolls of fog {unknown}
 r - 2 scrolls of enchant armour {unknown}
Potions
 h - a potion of haste {unknown}
 n - 2 potions of flight {unknown}
 s - 2 potions of brilliance {unknown}
Comestibles
 c - 5 rations


   Skills:
 - Level 2.4 Dodging
 - Level 2.4 Stealth
 + Level 4.4 Spellcasting
 * Level 3.8 Conjurations
 * Level 5.0 Fire Magic
 + Level 0.6 Evocations


You had 4 spell levels left.
You knew the following spells:

 Your Spells              Type           Power        Failure   Level  Hunger
a - Flame Tongue          Conj/Fire      ###..        1%          1    None
b - Conjure Flame         Conj/Fire      ###.....     5%          3    ##.....
c - Sticky Flame          Conj/Fire      ###.....     19%         4    ####...

Your spell library contained the following spells:

 Spells                   Type           Power        Failure   Level  Hunger
 Throw Flame              Conj/Fire      ###...       2%          2    #......
 Inner Flame              Hex/Fire       ###.....     12%         3    ##.....
 Fireball                 Conj/Fire      ###.......   45%         5    ######.


Dungeon Overview and Level Annotations

Branches:
Dungeon (4/15)
 Temple: D:4-7

Altars:
Sif Muna


Message History

The orc wizard casts a spell.
The orc wizard flickers and vanishes!
Deactivating autopickup; reactivate with Ctrl-A.
The orc moves out of view.
The frilled lizard barely misses you.
All of the chunks of flesh in your inventory have rotted away.
Casting: Flame Tongue (safe; 1% risk of failure)
Confirm with . or Enter, or press ? or * to list all spells.
Aiming: Flame Tongue (safe; 1% risk of failure)
Press: ? - help, Shift-Dir - straight line, f - frilled lizard
Aim: a frilled lizard The flame tongue hits the frilled lizard!
You kill the frilled lizard!
You see here a frilled lizard corpse.
The orc hits you with a +3 dagger.
* * * LOW HITPOINT WARNING * * *
As you read the scroll of teleportation, it crumbles to dust.
You feel strangely unstable. The orc closely misses you.
The ogre hits you with a cursed -1 giant club!
You die...

..# .#######.#
.........#######
#........).)<#
#.###.###.#.####[#
......##.###.###.#
#....## #....#
#.###.###.##..#
##.#.# #@.# ##.#
#Oo# #.## #o.####
#..# #.....# #..#
#o###.# ####..#
#{# # #..O.O###†#
+.##.#.##.# #
..###...#


You could see an ogre and 3 orcs.

Vanquished Creatures
  A hound skeleton (D:2)
  4 gnolls (D:2)
  5 adders
  An ooze (D:1)
  3 worms (D:3)
  2 dart slugs (D:2)
  4 leopard geckos
  7 orcs (D:4)
  A ball python (D:1)
  5 bats
  2 giant cockroaches (D:2)
  15 goblins
  8 hobgoblins
  4 jackals (D:2)
  11 kobolds
  A quokka (D:3)
  10 frilled lizards
  6 rats
90 creatures vanquished.

Notes
Turn   | Place    | Note
-------+----------+-------------------------------------------
     0 | D:1      | Arthanis the Deep Elf Fire Elementalist began the quest for
                  | the Orb.
     0 | D:1      | Reached XP level 1. HP: 10/10 MP: 6/6
   105 | D:1      | Reached XP level 2. HP: 15/15 MP: 0/8
   453 | D:1      | Reached XP level 3. HP: 19/19 MP: 7/9
   458 | D:1      | Learned a level 3 spell: Conjure Flame
   844 | D:2      | Reached skill level 4 in Fire Magic
   977 | D:2      | Reached XP level 4. HP: 15/24 MP: 4/11
   995 | D:2      | Learned a level 4 spell: Sticky Flame
  1225 | D:2      | Reached XP level 5. HP: 28/28 MP: 5/13
  1465 | D:2      | Found a deep blue altar of Sif Muna.
  1938 | D:3      | Reached skill level 5 in Fire Magic
  2150 | D:4      | Noticed an ogre
  2165 | D:4      | Slain by an ogre

Levels and vault maps discovered:
D:1:      minmay_arrival_widening_spiral_wide, layout_loops_cross
D:2:      layout_loops_ring, lemuel_crystal_altar, grunt_ministairs_13
D:3:      layout_basic, first_ration
D:4:      minmay_bubble_buster, layout_loops_ring, minmay_close_crescents,
          uniq_duvessa

Skill      XL: |  1  2  3  4  5 |
---------------+----------------+-----
Conjurations   | 2 3 |  3.8
Fire Magic     | 4 5 |  5.0
Spellcasting   | 4 |  4.4
Dodging        | |  2.4
Stealth        | |  2.4
Evocations     | |  0.6

Action                   |  1- 3 |  4- 6 || total
-------------------------+-------+-------++-------
Melee: Whip              |     5 |       ||     5
       Dagger            |     5 |    20 ||    25
 Cast: Flame Tongue      |    67 |    73 ||   140
       Conjure Flame     |       |     1 ||     1
  Use: Scroll            |       |     2 ||     2
 Stab: Sleeping          |     1 |     5 ||     6
  Eat: Chunk             |       |     4 ||     4
Armor: Robe              |     5 |     8 ||    13
Dodge: Dodged            |    35 |    29 ||    64

Table legend:
 A = Non-vault XP
 B = Vault XP
 C = Vault XP percentage of total XP
 D = Non-vault monster count
 E = Vault monster count
 F = Vault count percentage of total count
                 A         B        C        D         E       F
            +---------+---------+-------+---------+---------+-------
      Total |     298 |       9 |   2.9 |      85 |       5 |   5.6
            +---------+---------+-------+---------+---------+-------
        D:1 |      45 |       0 |   0.0 |      24 |       0 |   0.0
        D:2 |     165 |       9 |   5.2 |      33 |       5 |  13.2
        D:3 |      66 |       0 |   0.0 |      20 |       0 |   0.0
        D:4 |      22 |       0 |   0.0 |       8 |       0 |   0.0
            +---------+---------+-------+---------+---------+-------
